[Event "Titled Tuesday Blitz March 01 Late 2022"]
[White "Mickiewicz, Piotr"]
[Black "Adewumi, Tanitoluwa"]
[WhiteFideId "1114891"]
[BlackFideId "30966396"]
[WhiteElo "2266"]
[BlackElo "2542"]
[Result "1-0"]
[Round "10"]
[TimeControl "180+1"]
[Date "2022.03.02"]
[WhiteClock "0:01:08"]
[BlackClock "0:00:18"]

1. d4 Nf6 2. c4 g6 3. Nc3 Bg7 4. e4 O-O 5. Nf3 d6 6. Be2 Bg4 7. Be3 Nc6 8. d5 Bxf3 9. gxf3 Ne5 10. h4 h5 11. Qd2 c6 12. O-O-O Rc8 13. Kb1 Qa5 14. dxc6 bxc6 15. c5 Rfd8 16. Qc2 d5 17. Bd4 Ned7 18. e5 Ne8 19. e6 Nxc5 20. exf7+ Kxf7 21. Rhg1 Rd6 22. f4 Bxd4 23. Rxd4 Ng7 24. f5 Nxf5 25. Rf4 Rf6 26. Bxh5 gxh5 27. Rxf5 Ne4 28. Nxe4 Rxf5 29. Nd6+ 1-0


[Site "https://www.chess.com"]

[Event "Titled Tuesday Blitz March 01 Late 2022"]
[White "Migot, Tangi"]
[Black "Maltsevskaya, Aleksandra"]
[WhiteFideId "662445"]
[BlackFideId "24174041"]
[WhiteElo "2504"]
[BlackElo "2283"]
[Result "0-1"]
[Round "10"]
[TimeControl "180+1"]
[Date "2022.03.02"]
[WhiteClock "0:00:04"]
[BlackClock "0:00:53"]

1. d4 Nf6 2. Nf3 g6 3. Nc3 d6 4. e4 Nbd7 5. Be3 e5 6. dxe5 dxe5 7. Bc4 Bg7 8. Qd2 O-O 9. Bh6 Qe7 10. Bxg7 Kxg7 11. O-O-O Nc5 12. Qe2 Bg4 13. h3 Bxf3 14. Qxf3 c6 15. g4 Rad8 16. Qe3 Ne6 17. Bxe6 Qxe6 18. Rxd8 Rxd8 19. Qxa7 b5 20. Qb6 Rd4 21. f3 b4 22. Ne2 Qxa2 23. Nxd4 Qa1+ 24. Kd2 Qxh1 25. g5 Nh5 26. Nxc6 Qxf3 27. Qxb4 Ng3 28. c3 Nxe4+ 29. Kc2 Qg2+ 30. Kb1 Nd2+ 31. Kc2 Nf1+ 32. Kb3 Qxc6 33. Qe7 Nd2+ 34. Kc2 Nc4 35. b3 Qe4+ 36. Kd1 Qd3+ 0-1


[Site "https://www.chess.com"]

[Event "Titled Tuesday Blitz March 01 Late 2022"]
[White "Mikhalsky, Vladimir"]
[Black "Celestino, Rafael Teixeira"]
[WhiteFideId "14144352"]
[BlackFideId "2108925"]
[WhiteElo "2248"]
[BlackElo "2286"]
[Result "1-0"]
[Round "10"]
[TimeControl "180+1"]
[Date "2022.03.02"]
[WhiteClock "0:00:12"]
[BlackClock "0:00:01"]

1. d4 Nf6 2. c4 e6 3. Nf3 d5 4. g3 Ne4 5. a3 c6 6. Bg2 Bd6 7. O-O O-O 8. c5 Bc7 9. b4 Nd7 10. Bb2 Qe7 11. Ne5 f6 12. Nxd7 Bxd7 13. f3 Ng5 14. Nc3 e5 15. Kh1 Rae8 16. e3 Nh3 17. Qd2 exd4 18. exd4 Qe3 19. Rad1 Re7 20. f4 h5 21. Bc1 Qxd2 22. Bxd2 Rfe8 23. Bf3 g6 24. Kg2 Bg4 25. Rde1 Kf7 26. Rxe7+ Rxe7 27. Re1 f5 28. b5 Kf6 29. bxc6 bxc6 30. Bxd5 Rxe1 31. Bxe1 g5 32. fxg5+ Nxg5 33. Bxc6 Ke6 34. d5+ Ke5 35. d6 Bxd6 36. cxd6 Kxd6 37. Ba8 Kc5 38. Bf2+ Kc4 39. Na4 Kb5 40. Nb2 Be2 41. Bxa7 Ka6 42. Be3 Ne6 43. Bf3 1-0


[Site "https://www.chess.com"]

[Event "Titled Tuesday Blitz March 01 Late 2022"]
[White "Miszler, Levente"]
[Black "Clawitter, Craig"]
[WhiteFideId "763276"]
[BlackFideId "2023105"]
[WhiteElo "1966"]
[BlackElo "2233"]
[Result "1-0"]
[Round "10"]
[TimeControl "180+1"]
[Date "2022.03.02"]
[WhiteClock "0:00:53"]
[BlackClock "0:00:06"]

1. Nf3 Nf6 2. g3 d5 3. Bg2 e6 4. O-O Be7 5. b3 O-O 6. Bb2 a5 7. a3 c5 8. d3 a4 9. Nbd2 Nc6 10. c4 axb3 11. Qxb3 d4 12. Rfb1 e5 13. Qc2 Re8 14. e3 dxe3 15. fxe3 Ng4 16. Nf1 Bf5 17. Rd1 Bg5 18. Qe2 Qe7 19. h3 Nh6 20. h4 Bf6 21. e4 Nd4 22. Qf2 Bd7 23. Ne3 Ng4 24. Nxg4 Bxg4 25. Bxd4 cxd4 26. Qb2 g6 27. Rdb1 Ra7 28. Qb4 Rea8 29. Qxe7 Bxe7 30. Nxe5 Be6 31. a4 Rxa4 32. Rxa4 Rxa4 33. Rxb7 Bf6 34. Nf3 Ra1+ 35. Kh2 Rd1 36. e5 Bg7 37. Rb8+ Bf8 38. c5 Rxd3 39. c6 1-0


[Site "https://www.chess.com"]

[Event "Titled Tuesday Blitz March 01 Late 2022"]
[White "Nakamura, Hikaru"]
[Black "Gareyev, Timur"]
[WhiteFideId "2016192"]
[BlackFideId "14200937"]
[WhiteElo "2850"]
[BlackElo "2586"]
[Result "1-0"]
[Round "10"]
[TimeControl "180+1"]
[Date "2022.03.01"]
[WhiteClock "0:00:22"]
[BlackClock "0:00:04"]

1. Nf3 Nf6 2. b3 b6 3. Bb2 Bb7 4. e3 e6 5. g3 g6 6. d4 Bg7 7. Bd3 d6 8. O-O Nbd7 9. Nbd2 e5 10. dxe5 Ng4 11. Be4 d5 12. Bd3 O-O 13. Rb1 Ngxe5 14. Be2 Re8 15. Re1 h5 16. Bf1 c5 17. Bg2 Ng4 18. Bxg7 Kxg7 19. c4 Qc7 20. Qc2 Rad8 21. Qc3+ Ndf6 22. Rbd1 Kg8 23. h3 Ne5 24. Nxe5 Qxe5 25. Qxe5 Rxe5 26. Nb1 Re7 27. Nc3 Red7 28. f4 d4 29. exd4 cxd4 30. Nb1 Bxg2 31. Kxg2 d3 32. Nd2 h4 33. g4 a5 34. Nf3 a4 35. Re3 axb3 36. axb3 b5 37. Ne5 Ra7 38. Rexd3 Ra2+ 39. Kf1 Rxd3 40. Rxd3 bxc4 41. bxc4 Ne4 42. Rd4 Ng3+ 43. Ke1 Re2+ 44. Kd1 Rh2 45. c5 Rxh3 46. c6 Rh1+ 47. Kc2 Rh2+ 48. Kb3 Ne2 49. Rd8+ Kg7 50. c7 Nc1+ 51. Kc3 Ne2+ 52. Kb4 Nxf4 53. c8=Q Rb2+ 54. Ka3 1-0


[Site "https://www.chess.com"]

[Event "Titled Tuesday Blitz March 01 Late 2022"]
[White "Novikova, Galina"]
[Black "Estrada Nieto, Julian"]
[WhiteFideId "4157095"]
[BlackFideId "5101018"]
[WhiteElo "1863"]
[BlackElo "2246"]
[Result "0-1"]
[Round "10"]
[TimeControl "180+1"]
[Date "2022.03.02"]
[WhiteClock "0:00:08"]
[BlackClock "0:00:04"]

1. e4 e5 2. Nf3 Nc6 3. d4 exd4 4. Nxd4 Nf6 5. Nxc6 bxc6 6. Qe2 Qe7 7. Nc3 d6 8. Bg5 h6 9. Bh4 g6 10. e5 dxe5 11. Ne4 Bg7 12. O-O-O O-O 13. Qe3 g5 14. Bg3 Nxe4 15. Qxe4 f5 16. Bc4+ Be6 17. Qxc6 Bxc4 18. Qxc4+ Qf7 19. Qxf7+ Rxf7 20. f3 Rb8 21. b3 Re8 22. Rhe1 e4 23. fxe4 fxe4 24. Re2 a5 25. Bf2 Bc3 26. Bd4 Bb4 27. c3 Bd6 28. g3 Rfe7 29. Rde1 Kh7 30. Kc2 Kg6 31. Rf1 Rf7 32. Ref2 Rxf2+ 33. Rxf2 Re6 34. Kd2 Kh5 35. Ke3 Kg4 36. c4 c5 37. Bc3 Kh3 38. Bxa5 Be5 39. Rf5 Bd4+ 40. Ke2 Kxh2 41. Bb6 Kxg3 42. Bxc5 Bxc5 43. Rxc5 g4 44. a4 Kh4 45. a5 g3 46. b4 g2 47. Kf2 e3+ 48. Kxg2 e2 49. a6 e1=Q 50. a7 Re2+ 51. Kf3 Qf2# 0-1


[Site "https://www.chess.com"]

[Event "Titled Tuesday Blitz March 01 Late 2022"]
[White "P., Komal Kishore"]
[Black "Ardila, Oscar Humberto"]
[WhiteFideId "5016703"]
[BlackFideId "4404742"]
[WhiteElo "2109"]
[BlackElo "1898"]
[Result "0-1"]
[Round "10"]
[TimeControl "180+1"]
[Date "2022.03.02"]
[WhiteClock "0:00:01"]
[BlackClock "0:00:35"]

1. e4 e5 2. Nf3 Nc6 3. Bb5 Nf6 4. O-O Nxe4 5. Re1 Nd6 6. Nxe5 Be7 7. Nxc6 dxc6 8. Ba4 O-O 9. d4 Bf6 10. c3 Bf5 11. Bf4 Qd7 12. Bc2 Bxc2 13. Qxc2 Rfe8 14. Nd2 Qg4 15. Bg3 h5 16. h3 Qd7 17. Nf3 Nc4 18. Qb3 b5 19. a4 a5 20. Ne5 Bxe5 21. dxe5 Rab8 22. Rad1 Qe6 23. f4 bxa4 24. Qxa4 Nxb2 25. Qxa5 Nxd1 26. Rxd1 Rb2 27. Bf2 Qb3 28. Rd7 Qc2 29. Qc5 Rb1+ 30. Kh2 Rb2 31. Kg1 Ra8 32. e6 fxe6 33. Rxg7+ Kxg7 34. Bd4+ Kf7 35. Qxh5+ Qg6 0-1


[Site "https://www.chess.com"]

[Event "Titled Tuesday Blitz March 01 Late 2022"]
[White "Pace, Christopher"]
[Black "Osmonbekov, Talaibek"]
[WhiteFideId "2610167"]
[BlackFideId "2017253"]
[WhiteElo "2220"]
[BlackElo "2135"]
[Result "1/2-1/2"]
[Round "10"]
[TimeControl "180+1"]
[Date "2022.03.02"]
[WhiteClock "0:00:08"]
[BlackClock "0:00:12"]

1. d4 e6 2. c4 f5 3. g4 g6 4. gxf5 exf5 5. h4 Nf6 6. h5 Nxh5 7. Nf3 Bg7 8. Nc3 d6 9. Bg2 Nc6 10. Nd5 h6 11. Rxh5 gxh5 12. Nf4 Rg8 13. Nxh5 Bxd4 14. Bh3 Be6 15. Nxd4 Rg1+ 16. Bf1 Bf7 17. Nxc6 bxc6 18. Ng3 f4 19. Bxf4 Qh4 20. Qd2 Bxc4 21. O-O-O Bxa2 22. Qe3+ Kf7 23. Nf5 Qf6 24. Nxh6+ Kg7 25. f3 Rh1 26. Ng4 Qe6 27. Qc3+ Kf7 28. Qxc6 Qc4+ 29. Qxc4+ Bxc4 30. Kd2 a5 31. Rc1 d5 32. b3 Bxb3 33. Rxc7+ Ke6 34. Rc6+ Ke7 35. Bg5+ Kd7 36. Ne5+ Ke8 37. Bg2 Rd1+ 38. Ke3 d4+ 39. Kf4 a4 40. Bh3 a3 41. Bd7+ Kf8 42. Rf6+ Kg8 43. Rg6+ Kf8 44. Bh6+ Ke7 45. Bg5+ Kf8 46. Rf6+ Kg8 47. Rg6+ Kf8 1/2-1/2


[Site "https://www.chess.com"]

[Event "Titled Tuesday Blitz March 01 Late 2022"]
[White "Papayan, Oleg"]
[Black "Levine, David"]
[WhiteFideId "4193911"]
[BlackFideId "2011611"]
[WhiteElo "2038"]
[BlackElo "2129"]
[Result "1-0"]
[Round "10"]
[TimeControl "180+1"]
[Date "2022.03.02"]
[WhiteClock "0:00:05"]
[BlackClock "0:00:05"]

1. e4 e5 2. Nf3 Nc6 3. Bb5 a6 4. Bxc6 dxc6 5. O-O Bg4 6. h3 h5 7. d3 Qf6 8. Nbd2 Ne7 9. Re1 Ng6 10. d4 Nf4 11. dxe5 Qg6 12. Nh4 Bxd1 13. Nxg6 Nxg6 14. Rxd1 Nxe5 15. f4 Nd7 16. Nf3 Bc5+ 17. Kf1 O-O-O 18. Ng5 Rdf8 19. Ke2 Be7 20. Nf3 Re8 21. Be3 b6 22. Rd3 c5 23. Rad1 Nb8 24. c4 Bd6 25. Ng5 Ref8 26. e5 Be7 27. Ne4 g6 28. Kf3 h4 29. Nc3 Nc6 30. Nd5 Bd8 31. a3 a5 32. Rb1 Rhg8 33. b4 axb4 34. axb4 cxb4 35. Nxb4 Nxb4 36. Rxb4 Be7 37. Ra4 Kb7 38. Rd7 Re8 39. c5 Kc6 40. Rd1 Bxc5 41. Rc1 Ra8 42. Rac4 Ra5 43. Kg4 Rh8 44. Kg5 Rh5+ 45. Kf6 Rf5+ 46. Kg7 Kb7 47. Bxc5 Rxc5 48. Rxc5 bxc5 49. Rxc5 Rxf4 50. Rd5 Rf2 51. Rd7 Kc6 52. Rxf7 Rxg2 53. e6 Re2 54. e7 Kd7 55. Kf8 1-0


[Site "https://www.chess.com"]

[Event "Titled Tuesday Blitz March 01 Late 2022"]
[White "Peatman, Carter"]
[Black "Stanisz, Patryk"]
[WhiteFideId "2096480"]
[BlackFideId "1123106"]
[WhiteElo "2274"]
[BlackElo "1876"]
[Result "1-0"]
[Round "10"]
[TimeControl "180+1"]
[Date "2022.03.02"]
[WhiteClock "0:00:08"]
[BlackClock "0:00:07"]

1. d4 c6 2. Bf4 g6 3. e3 Bg7 4. c4 d6 5. Nf3 Nf6 6. Nc3 Nh5 7. Bg5 Qa5 8. Bh4 Nd7 9. Be2 O-O 10. Bxe7 Qb4 11. Bxf8 Bxf8 12. Qb3 Qa5 13. O-O Ndf6 14. Rfd1 Rb8 15. Qc2 Ng7 16. e4 Ne6 17. a3 Nf4 18. Bf1 Bd7 19. b4 Qh5 20. Qd2 g5 21. e5 Ng4 22. Ne4 dxe5 23. dxe5 Be6 24. h3 Bg7 25. hxg4 Qxg4 26. Ng3 h5 27. Nh2 Qh4 28. Re1 Bh6 29. Qd6 Re8 30. b5 g4 31. bxc6 bxc6 32. Qxc6 Rc8 33. Qb7 Ng6 34. Bd3 Bf4 35. Nhf1 Qg5 36. Bxg6 Qxg6 37. Qe4 Qg5 38. Ne3 h4 39. Ne2 Bxe5 40. Rad1 h3 41. Ng3 Bxg3 42. fxg3 hxg2 43. Nxg2 Qc5+ 44. Ne3 Re8 45. Qd4 Qg5 46. Qf4 Qc5 47. Kg2 Qc6+ 48. Nd5 Qc5 49. Qg5+ Kf8 50. Qh6+ Kg8 51. Nf6# 1-0


[Site "https://www.chess.com"]

[Event "Titled Tuesday Blitz March 01 Late 2022"]
[White "Petrova, Irina"]
[Black "Derraugh, Geordie"]
[WhiteFideId "14124122"]
[BlackFideId "2603950"]
[WhiteElo "1988"]
[BlackElo "2116"]
[Result "1-0"]
[Round "10"]
[TimeControl "180+1"]
[Date "2022.03.02"]
[WhiteClock "0:00:16"]
[BlackClock "0:00:01"]

1. e4 e5 2. Nf3 Nc6 3. Bb5 a6 4. Ba4 Nf6 5. d3 b5 6. Bb3 Be7 7. O-O O-O 8. Bd2 d5 9. exd5 Nxd5 10. h3 Be6 11. Re1 f6 12. Nc3 Kh8 13. d4 Nxc3 14. bxc3 Bxb3 15. axb3 exd4 16. cxd4 Bb4 17. Bxb4 Nxb4 18. Qd2 Nd5 19. c4 bxc4 20. bxc4 Nb6 21. Qc3 Qd7 22. Ra5 Qc6 23. Rc5 Qd6 24. Ra5 Qc6 25. Rc5 Qd7 26. Ra5 Qf7 27. d5 c6 28. dxc6 Nxc4 29. Rc5 Nd6 30. c7 Rfc8 31. Rc6 Nb5 32. Qa5 Rxc7 33. Rxa6 Rxa6 34. Qxa6 Na7 35. Qb6 h6 36. Ra1 Nc8 37. Ra8 Kh7 38. Qb1+ f5 39. Ne5 Qe6 40. f4 Ne7 41. Qb8 Rc8 42. Qa7 Rxa8 43. Qxa8 Qb6+ 44. Kh2 Qf2 45. Qf3 Qd4 46. Qg3 Nd5 47. Qg6+ Kg8 48. Qf7+ Kh7 49. Qxf5+ Kg8 50. Qf7+ Kh7 51. Ng6 Qe4 52. Nf8+ Kh8 53. Ne6 Nf6 54. Qxg7# 1-0


[Site "https://www.chess.com"]

[Event "Titled Tuesday Blitz March 01 Late 2022"]
[White "Petrovic, Aleksa"]
[Black "Iskusnyh, Sergei"]
[WhiteFideId "967629"]
[BlackFideId "4120027"]
[WhiteElo "2139"]
[BlackElo "2492"]
[Result "0-1"]
[Round "10"]
[TimeControl "180+1"]
[Date "2022.03.01"]
[WhiteClock "0:00:03"]
[BlackClock "0:00:32"]

1. e4 e6 2. d4 d5 3. Nc3 Nf6 4. Bg5 dxe4 5. Nxe4 Nbd7 6. Nf3 h6 7. Bxf6 Nxf6 8. Bd3 Nxe4 9. Bxe4 c5 10. Qe2 Qa5+ 11. c3 Be7 12. dxc5 Qxc5 13. Bc2 Bd7 14. O-O-O Bc6 15. Ne5 Bf6 16. Nxc6 bxc6 17. Qf3 O-O 18. h4 Rfd8 19. Kb1 Rab8 20. Rxd8+ Rxd8 21. Rd1 Rxd1+ 22. Bxd1 Bxh4 23. g3 Bf6 24. Bc2 a5 25. a4 h5 26. Be4 h4 27. gxh4 Bxh4 28. Bxc6 Bxf2 29. Bb5 g6 30. Ka2 Bh4 31. Kb3 Kg7 32. Qe4 Bf6 33. Bd3 Qb6+ 34. Kc2 Qc7 35. Qc4 Qh2+ 36. Kb3 Be5 37. Qb5 Bc7 38. Qc5 Qg3 39. Bc4 Bd8 40. Qa7 Qd6 41. Qd4+ Qxd4 42. cxd4 Be7 43. Kc3 g5 44. Kd3 g4 45. Ke4 f5+ 46. Kf4 Kf6 47. Kg3 Bd6+ 48. Kg2 Bf4 49. d5 e5 50. d6 e4 51. d7 Bc7 52. Bd5 Ke5 53. Bg8 f4 54. Bh7 f3+ 55. Kf2 Kf4 56. b4 axb4 0-1


[Site "https://www.chess.com"]

[Event "Titled Tuesday Blitz March 01 Late 2022"]
[White "Piesik, Piotr"]
[Black "Moral Garcia, Serafin"]
[WhiteFideId "1136194"]
[BlackFideId "2201925"]
[WhiteElo "2232"]
[BlackElo "2228"]
[Result "1-0"]
[Round "10"]
[TimeControl "180+1"]
[Date "2022.03.01"]
[WhiteClock "0:00:16"]
[BlackClock "0:00:15"]

1. Nf3 Nf6 2. g3 g6 3. Bg2 Bg7 4. O-O O-O 5. d4 d5 6. c4 dxc4 7. Na3 c3 8. bxc3 c5 9. Qb3 Nc6 10. Rd1 Qb6 11. Nc4 Qa6 12. Nfe5 Nxe5 13. dxe5 Nd7 14. Bf4 Nb6 15. Ne3 Be6 16. Qc2 Rfd8 17. h4 Nc4 18. Nd5 Rd7 19. e4 Nxe5 20. Bxe5 Bxe5 21. f4 Bg7 22. f5 Bxd5 23. exd5 Qd6 24. fxg6 hxg6 25. Rd3 c4 26. Re3 Qc5 27. Qf2 Bh6 28. Re2 Qxf2+ 29. Kxf2 Bg7 30. Rc1 Rb8 31. a4 a6 32. a5 Rc8 33. Bh3 Rcc7 34. Bxd7 Rxd7 35. Rd1 Bxc3 36. Rc2 Bxa5 37. Rxc4 Kg7 38. Kf3 Bc7 39. g4 Be5 40. Ke4 Bd6 41. h5 Rd8 42. Rc3 Rh8 43. Rh1 gxh5 44. gxh5 Kh6 45. Rf3 f6 46. Rg1 Rc8 47. Kf5 Rc4 48. Rg6+ Kxh5 49. Rg8 Rf4+ 50. Rxf4 Bxf4 51. Kxf4 Kh6 52. Kf5 Kh7 53. Re8 1-0


[Site "https://www.chess.com"]

[Event "Titled Tuesday Blitz March 01 Late 2022"]
[White "Przybylski, Wojciech"]
[Black "Sadilek, Peter"]
[WhiteFideId "1117599"]
[BlackFideId "1616439"]
[WhiteElo "2133"]
[BlackElo "2145"]
[Result "1-0"]
[Round "10"]
[TimeControl "180+1"]
[Date "2022.03.02"]
[WhiteClock "0:01:17"]
[BlackClock "0:00:19"]

1. e4 e6 2. d4 d5 3. Nc3 Nf6 4. e5 Nfd7 5. f4 c5 6. Nf3 a6 7. Be3 Qb6 8. Qd2 Nc6 9. Na4 Qa7 10. c3 b5 11. Nxc5 Nxc5 12. dxc5 Bxc5 13. Bxc5 Qxc5 14. Nd4 O-O 15. Bd3 f6 16. Nf3 fxe5 17. fxe5 Bd7 18. Qc2 Qe3+ 19. Qe2 Qc5 20. Qc2 h6 21. O-O-O b4 22. c4 b3 23. Qxb3 Rab8 24. Qc3 d4 25. Qa3 Nb4 26. Nxd4 Nxd3+ 27. Qxd3 Qxc4+ 28. Qxc4 1-0


[Site "https://www.chess.com"]

[Event "Titled Tuesday Blitz March 01 Late 2022"]
[White "Rangel, Daniel"]
[Black "Romero Ruscalleda, Josep"]
[WhiteFideId "2124475"]
[BlackFideId "2231859"]
[WhiteElo "2187"]
[BlackElo "2311"]
[Result "1-0"]
[Round "10"]
[TimeControl "180+1"]
[Date "2022.03.02"]
[WhiteClock "0:00:39"]
[BlackClock "0:00:34"]

1. d4 g6 2. c4 Bg7 3. Nc3 d6 4. e4 e5 5. Nf3 Nc6 6. Be3 exd4 7. Nxd4 Nge7 8. Be2 O-O 9. O-O f5 10. exf5 Bxd4 11. Bxd4 Nxf5 12. Be3 Nxe3 13. fxe3 Be6 14. Nd5 Ne5 15. Qd4 c6 16. Nf4 Bf5 17. Rad1 Rf6 18. c5 Nf7 19. g4 Bc8 20. Bc4 d5 21. Nxd5 Rxf1+ 22. Rxf1 Kf8 23. Qh8# 1-0


[Site "https://www.chess.com"]

[Event "Titled Tuesday Blitz March 01 Late 2022"]
[White "Renjith, Sravan"]
[Black "Gelman, Alexander"]
[WhiteFideId "4306783"]
[BlackFideId "4118316"]
[WhiteElo "1863"]
[BlackElo "2375"]
[Result "1-0"]
[Round "10"]
[TimeControl "180+1"]
[Date "2022.03.01"]
[WhiteClock "0:00:11"]
[BlackClock "0:00:08"]

1. Nf3 Nf6 2. d4 c5 3. e3 d6 4. c4 Nbd7 5. Nc3 e6 6. g3 a6 7. Bg2 Be7 8. O-O O-O 9. Qe2 Re8 10. Rd1 Qc7 11. b3 cxd4 12. exd4 b6 13. Bf4 Bb7 14. Rac1 Rac8 15. d5 e5 16. Be3 Bf8 17. Ng5 g6 18. Nge4 Bg7 19. h4 Nxe4 20. Nxe4 Nc5 21. Nd2 e4 22. b4 Nd3 23. Nxe4 Nxc1 24. Rxc1 Qd8 25. Qd3 h6 26. Bd4 Bxd5 27. Nxd6 Qxd6 28. Bxd5 Bxd4 29. Qxd4 Red8 30. Rd1 Qxb4 31. Qf6 Qa4 32. Qxg6+ Kh8 33. Qxh6+ Kg8 34. Rd4 Rxd5 35. Rg4+ 1-0


[Site "https://www.chess.com"]

[Event "Titled Tuesday Blitz March 01 Late 2022"]
[White "Ribeiro, Matheus Mendes Domingues"]
[Black "Karttunen, Mika"]
[WhiteFideId "324226923"]
[BlackFideId "502081"]
[WhiteElo "1886"]
[BlackElo "2343"]
[Result "1/2-1/2"]
[Round "10"]
[TimeControl "180+1"]
[Date "2022.03.01"]
[WhiteClock "0:00:22"]
[BlackClock "0:00:18"]

1. c4 e5 2. Nc3 Nf6 3. Nf3 Nc6 4. e4 Bb4 5. d3 Bxc3+ 6. bxc3 d6 7. g3 O-O 8. Bg2 Ne7 9. O-O b6 10. Nh4 Bg4 11. Qc2 Rb8 12. f4 Bd7 13. fxe5 dxe5 14. Rxf6 gxf6 15. Bh6 Re8 16. Rf1 Ng6 17. Nf5 Bxf5 18. exf5 Ne7 19. Qd1 Kh8 20. Qh5 Ng8 21. Qh4 Qxd3 22. Bd5 Re7 23. Rf3 Qd1+ 24. Kg2 Rd8 25. g4 e4 26. Rh3 Rxd5 27. cxd5 Qxd5 28. Bf8 Qd2+ 29. Kg1 Qd1+ 30. Kg2 Qe2+ 31. Kg1 Qd1+ 32. Kg2 Qd2+ 33. Kg1 1/2-1/2


[Site "https://www.chess.com"]

[Event "Titled Tuesday Blitz March 01 Late 2022"]
[White "Romanchuk, Viktor"]
[Black "Cardoso Cardoso, Jose Gabriel"]
[WhiteFideId "14109271"]
[BlackFideId "4430492"]
[WhiteElo "2242"]
[BlackElo "2451"]
[Result "0-1"]
[Round "10"]
[TimeControl "180+1"]
[Date "2022.03.01"]
[WhiteClock "0:00:52"]
[BlackClock "0:01:17"]

1. d4 g6 2. c4 Bg7 3. Nf3 d6 4. g3 Nc6 5. Bg2 Nf6 6. O-O O-O 7. Nc3 Bf5 8. d5 Na5 9. Nd4 Bd7 10. b3 c5 11. dxc6 Nxc6 12. Bb2 Nxd4 13. Qxd4 Bc6 14. Nd5 Rc8 15. Qxa7 Bxd5 16. cxd5 Rc2 17. Bd4 Qc7 18. e3 Nd7 19. Bxg7 Kxg7 20. Qd4+ f6 21. a4 Ne5 22. Be4 Rc3 23. Qb4 Rc8 24. a5 Ra8 25. Ra2 Rc5 26. Rfa1 Qd7 27. a6 bxa6 28. Rxa6 Rxa6 29. Rxa6 Qh3 30. Qd2 Ng4 31. f3 Rc1+ 32. Qxc1 Qxh2+ 0-1


[Site "https://www.chess.com"]

[Event "Titled Tuesday Blitz March 01 Late 2022"]
[White "Rudykh, Stepan"]
[Black "Zhou, Qiyu"]
[WhiteFideId "4180321"]
[BlackFideId "505161"]
[WhiteElo "2128"]
[BlackElo "1925"]
[Result "1-0"]
[Round "10"]
[TimeControl "180+1"]
[Date "2022.03.02"]
[WhiteClock "0:00:22"]
[BlackClock "0:00:01"]

1. e4 c5 2. Nf3 d6 3. d4 cxd4 4. Nxd4 Nf6 5. Nc3 Nc6 6. Bg5 e5 7. Ndb5 a6 8. Na3 b5 9. Nd5 Be7 10. Bxf6 Bxf6 11. c3 O-O 12. Nc2 Bg5 13. a4 Rb8 14. axb5 axb5 15. Ncb4 Nxb4 16. Nxb4 Bb7 17. Nd5 f5 18. exf5 Rxf5 19. Bxb5 Kh8 20. O-O e4 21. Bc4 Bh4 22. Ne3 Rf6 23. Bd5 Bc8 24. Bxe4 Rxb2 25. Nc2 Qf8 26. g3 Bg5 27. Ra8 Rb3 28. Qh5 Bh6 29. Ne3 g6 30. Qh4 Bxe3 31. Rxc8 Bxf2+ 32. Rxf2 Rxf2 1-0


[Site "https://www.chess.com"]

[Event "Titled Tuesday Blitz March 01 Late 2022"]
[White "Rudzinska, Michalina"]
[Black "Martin Barcelo, Carles"]
[WhiteFideId "1172883"]
[BlackFideId "24561444"]
[WhiteElo "1904"]
[BlackElo "1875"]
[Result "0-1"]
[Round "10"]
[TimeControl "180+1"]
[Date "2022.03.02"]
[WhiteClock "0:01:21"]
[BlackClock "0:00:12"]

1. e4 c6 2. d4 d5 3. Nc3 dxe4 4. Nxe4 Nf6 5. Nxf6+ exf6 6. c3 Bd6 7. Bd3 O-O 8. Ne2 Re8 9. O-O Nd7 10. Bf4 Nf8 11. Bxd6 Qxd6 12. Ng3 g6 13. Qf3 Kg7 14. Rfe1 Bd7 15. h4 h5 16. Re3 Bg4 17. Ne4 Qd8 18. Qg3 Bf5 19. Rae1 Bxe4 20. Bxe4 Re6 21. f4 Qd6 22. Bd3 Rae8 23. Qf3 f5 24. Re5 f6 25. R5e3 Rxe3 26. Rxe3 Rxe3 27. Qxe3 Ne6 28. g3 Nc7 29. c4 Qe6 30. Qxe6 Nxe6 31. d5 cxd5 32. cxd5 Nc5 33. d6 Kf7 34. Bc4+ Ke8 35. b4 Ne4 36. Bb5+ Kd8 37. d7 Nxg3 38. Ba4 Ne2+ 39. Kf2 Nxf4 40. Kf3 Nd3 41. Ke3 Ne5 42. Kd4 Nxd7 43. Kd5 Nb6+ 44. Ke6 Nxa4 45. Kxf6 f4 46. Kxg6 f3 0-1


[Site "https://www.chess.com"]

[Event "Titled Tuesday Blitz March 01 Late 2022"]
[White "Rustemov, Alexander"]
[Black "Ezat, Mohamed"]
[WhiteFideId "4119002"]
[BlackFideId "10600906"]
[WhiteElo "2785"]
[BlackElo "2386"]
[Result "1-0"]
[Round "10"]
[TimeControl "180+1"]
[Date "2022.03.01"]
[WhiteClock "0:00:25"]
[BlackClock "0:00:01"]

1. d4 Nf6 2. c4 g6 3. Nf3 Bg7 4. g3 d6 5. Bg2 O-O 6. Nc3 Nc6 7. O-O Bg4 8. h3 Bxf3 9. Bxf3 Nd7 10. e3 e5 11. dxe5 dxe5 12. Qc2 Nc5 13. Rd1 Qc8 14. Bg2 a5 15. Nd5 Re8 16. Bd2 e4 17. Bc3 Ne5 18. b3 h5 19. Kh1 Ncd3 20. Kh2 h4 21. Bxe4 hxg3+ 22. fxg3 Nc5 23. Bg2 Ne6 24. Rf1 Ng5 25. Rad1 Re6 26. Rf4 Rb8 27. Rdf1 c6 28. Nf6+ Kh8 29. Qb2 Qc7 30. Rh4+ Bh6 31. Rxh6+ Kg7 32. Ng4 f6 33. Bxe5 fxe5 34. Qf2 Rd8 35. h4 Qe7 36. hxg5 Red6 37. Nf6 Rd2 38. Rh7+ Kf8 39. Nd7+ Kg8 40. Qxd2 Qxg5 41. Rff7 1-0


[Site "https://www.chess.com"]

[Event "Titled Tuesday Blitz March 01 Late 2022"]
[White "Sadhwani, Raunak"]
[Black "Tari, Aryan"]
[WhiteFideId "35093487"]
[BlackFideId "1510045"]
[WhiteElo "2616"]
[BlackElo "2567"]
[Result "0-1"]
[Round "10"]
[TimeControl "180+1"]
[Date "2022.03.01"]
[WhiteClock "0:00:05"]
[BlackClock "0:00:17"]

1. d4 d5 2. Nf3 Nf6 3. Bf4 c5 4. e3 Nc6 5. Nbd2 g6 6. c3 Qb6 7. Qb3 c4 8. Qc2 Bg7 9. Qc1 O-O 10. h3 Bf5 11. Be2 Rfc8 12. O-O Qd8 13. b4 b5 14. a4 a6 15. Qb2 h6 16. Ne5 Nxe5 17. Bxe5 Nd7 18. Bxg7 Kxg7 19. a5 Qc7 20. Rac1 Nf6 21. f4 h5 22. Bf3 h4 23. Rce1 Bd3 24. Rf2 Qb7 25. Qc1 Rh8 26. Bd1 Qc6 27. Bc2 Ne4 28. Nxe4 dxe4 29. f5 Rh5 30. fxg6 Qxg6 31. Bxd3 cxd3 32. c4 Rg5 33. cxb5 axb5 34. Qc7 Rf5 35. Rxf5 Qxf5 36. Qxe7 Qh5 37. Qc5 d2 38. Rf1 d1=Q 39. Rxd1 Qxd1+ 40. Kh2 Ra6 41. Qe5+ Rf6 42. Qxe4 Qd2 43. Qg4+ Rg6 44. Qf3 Qe1 45. Qe4 Qg3+ 46. Kg1 Rf6 47. d5 Qe1+ 48. Kh2 Qg3+ 49. Kg1 Rf2 50. Qg4+ Qxg4 51. hxg4 Rb2 52. d6 Kf8 53. e4 Rxb4 54. e5 Ra4 55. g5 Rxa5 56. e6 fxe6 57. g6 Kg7 0-1


[Site "https://www.chess.com"]

[Event "Titled Tuesday Blitz March 01 Late 2022"]
[White "Saraci, Nderim"]
[Black "Landaw, Julian"]
[WhiteFideId "6351921"]
[BlackFideId "2023342"]
[WhiteElo "2573"]
[BlackElo "2312"]
[Result "1-0"]
[Round "10"]
[TimeControl "180+1"]
[Date "2022.03.01"]
[WhiteClock "0:01:06"]
[BlackClock "0:00:06"]

1. d4 Nf6 2. Bf4 e6 3. e3 b6 4. Qf3 Nc6 5. c3 Bb7 6. e4 Ne7 7. Bd3 Ng6 8. Bg3 d6 9. Ne2 Be7 10. O-O h5 11. h3 h4 12. Bh2 Qd7 13. a4 a6 14. Re1 e5 15. Nd2 Rh5 16. Qe3 Kf8 17. f4 exf4 18. Nxf4 Nxf4 19. Bxf4 Re8 20. Rf1 Kg8 21. Qe2 g6 22. Bxa6 Bxa6 23. Qxa6 Ra5 24. Qc4 d5 25. Qxc7 Qxc7 26. Bxc7 Ra6 27. e5 Nh7 28. a5 b5 29. Bb6 Ng5 30. b4 Rc8 31. Bc5 Bxc5 32. dxc5 Ne4 33. Nxe4 dxe4 34. Rae1 f5 35. exf6 Kf7 36. Rxe4 Rxf6 37. Rxf6+ Kxf6 38. Rxh4 Rd8 39. Rd4 1-0


[Site "https://www.chess.com"]